 Dungeon Crawl Stone Soup version 0.19-a0-1079-g88a7474 (webtiles) character file.

149 mistymad the Shield-Bearer (level 5, -3/42 HPs)
             Began as a Formicid Fighter on Aug 7, 2016.
             Slain by a crocodile (8 damage)
             ... in a sewer.
             The game lasted 00:04:53 (1636 turns).

mistymad the Shield-Bearer (Formicid Fighter)       Turns: 1636, Time: 00:04:54

Health: -3/42      AC: 11    Str: 26    XL:     5   Next: 57%
Magic:  5/5        EV:  6    Int:  8    God:
Gold:   48         SH: 10    Dex: 10    Spells: 0 memorised, 4 levels left

rFire  . . .     SeeInvis +     a - +0 quarterstaff
rCold  . . .     Gourm    .     j - +0 plate armour
rNeg   . . .     Faith    .     c - +0 shield
rPois  .         Spirit   .     (helmet unavailable)
rElec  .         Dismiss  .     (no cloak)
rCorr  +         Reflect  .     (no gloves)
SustAt .         Harm     .     (no boots)
MR     .....                    (no amulet)
Stlth  ..........               l - ring of resist corrosion
                                q - ring of teleportation (curse)

@: mighty
A: permanent stasis, dig shafts and tunnels, four strong arms, antennae 3
a: Dig, Shaft Self


You were in a sewer.
You were not hungry.

You visited 1 branch of the dungeon, and saw 3 of its levels.
You also visited: Sewer.

You collected 48 gold pieces.

Inventory:

Hand Weapons
 a - a +0 quarterstaff (weapon)
Armour
 c - a +0 shield (worn)
 j - a +0 plate armour (worn)
Jewellery
 e - a +3 ring of intelligence
 l - a ring of resist corrosion (right hand)
 q - a cursed ring of teleportation (left hand)
Wands
 t - a wand of disintegration (8/24)
Scrolls
 i - 2 scrolls of remove curse {unknown}
 k - 2 scrolls of identify {unknown}
 m - a scroll of teleportation {unknown}
 n - 2 scrolls of recharging {unknown}
 p - a scroll of amnesia {unknown}
 r - a scroll of immolation {unknown}
 u - a scroll of magic mapping {unknown}
Potions
 b - 2 potions of curing {unknown}
 h - a potion of agility {unknown}
 o - 3 potions of lignification {unknown}
 s - a potion of mutation {unknown}
 v - a potion of invisibility {unknown}
Comestibles
 f - 2 bread rations
 g - 3 chunks of flesh


   Skills:
 + Level 3.9 Fighting
 + Level 2.5 Staves
 + Level 4.3 Armour
 + Level 1.8 Dodging
 + Level 4.6 Shields


You had 4 spell levels left.
You didn't know any spells.

Dungeon Overview and Level Annotations

Branches:
Dungeon (3/15)

Altars:
Fedhas
Uskayaw

Annotations:
D:2 exclusion: oklob plant


Innate Abilities, Weirdness & Mutations

You are under a permanent stasis effect.
You can dig through walls and to a lower floor.
Your four strong arms can wield two-handed weapons with a shield.
You have a pair of large antennae on your head. (SInv)


Message History

The crocodile bites you but does no damage.
The crocodile bites you!
* * * LOW HITPOINT WARNING * * *
You take 12 damage, and have 4/42 hp.
MASSIVE DAMAGE!!
You feel very mighty all of a sudden. You block the crocodile's attack.
You hit the crocodile.
The crocodile is moderately wounded.
The crocodile barely misses you.
You sock the crocodile!
The crocodile is severely wounded.
You block the crocodile's attack.
Unknown command.
Your shield and plate armour prevent you from hitting the crocodile.
The crocodile is severely wounded.
You block the crocodile's attack.
Your plate armour prevents you from hitting the crocodile.
The crocodile is severely wounded.
You block the crocodile's attack. The crocodile bites you!
You die...

######## ###....≈.###
#? ###....≈.≈≈≈.###
#[.##≈...≈####.≈.≈.###
###.≈.≈≈### ###.....##
#....t@## ##.≈..≈.
###≈....# #...≈.##
#[≈##..... #..≈..###
#[? ###..≈≈..≈.≈.###
## ##.≈..≈.## ######


You could see a crocodile.

Vanquished Creatures
  An orc wizard (D:3)
  6 adders
  An ooze (D:2)
  A giant gecko (D:1)
  4 orcs (D:3)
  5 bats
  6 giant cockroaches
  5 hobgoblins
  2 jackals (Sewer)
  8 kobolds
  A quokka (D:2)
  A ball python (D:1)
  3 giant newts
  7 goblins
  8 rats
59 creatures vanquished.

Notes
Turn   | Place    | Note
-------+----------+-------------------------------------------
     0 | D:1      | mistymad the Formicid Fighter began the quest for the Orb.
     0 | D:1      | Reached XP level 1. HP: 18/18 MP: 1/1
    96 | D:1      | Reached XP level 2. HP: 19/24 MP: 2/2
   323 | D:1      | Reached XP level 3. HP: 27/29 MP: 3/3
   324 | D:1      | Reached skill level 1 in Dodging
  1003 | D:2      | Reached XP level 4. HP: 33/35 MP: 4/4
  1060 | D:2      | Found a hide-covered altar of Uskayaw.
  1060 | D:2      | Noticed a hand axe
  1061 | D:2      | Noticed a hand axe
  1172 | D:2      | Found a blossoming altar of Fedhas.
  1191 | D:2      | Noticed an oklob plant
  1400 | D:3      | Reached XP level 5. HP: 42/42 MP: 5/5
  1419 | D:3      | Found a glowing drain.
  1562 | Sewer    | Entered a sewer
  1619 | Sewer    | Noticed a crocodile
  1636 | Sewer    | Slain by a crocodile

Vault maps used:
D:1:      saegor_arrival_simple_b, nrook_mini_vaults, st_stairs_1,
          minmay_tromino_v4_c
D:2:      dancing_weapons_uskayaw, tgw_fedhas, minmay_strange_pillars
D:3:      ecumenical_altar_1, gup_sewer_entry_glass
Sewer:    sewer_the_crocodile

Skill      XL: |  1  2  3 |
---------------+----------+-----
Dodging        | 1 |  1.8
Shields        | 4 |  4.6
Armour         | 4 |  4.3
Fighting       | |  3.9
Staves         | |  2.5

Action                   |  1- 3 |  4- 6 || total
-------------------------+-------+-------++-------
Melee: Quarterstaff      |   101 |    94 ||   195
 Abil: Dig               |       |     2 ||     2
  Use: Potion            |       |     1 ||     1
  Eat: Chunk             |       |     3 ||     3
Armor: Scale mail        |    15 |       ||    15
       Plate armour      |    65 |    54 ||   119
Dodge: Dodged            |    21 |    13 ||    34
Block: Shield            |    72 |    47 ||   119
